 Dungeon Crawl Stone Soup version 0.30-a0-165-g1891117ce2 (webtiles) character file.

Game seed: 6982684655026385867

38587 themarg the Warrior (level 14, -2/121 HPs)
             Began as a Djinni Fire Elementalist on Sept 27, 2022.
             Was an Elder of Ashenzari.
             Slain by a hornet (4 damage)
             ... on level 5 of the Lair of Beasts on Sept 28, 2022.
             The game lasted 02:19:41 (23344 turns).

themarg the Warrior (Djinni Fire Elementalist)     Turns: 23344, Time: 02:19:42

Health: -2/121     AC:  6    Str: 15    XL:     14   Next: 35%
Gold:   864        EV: 18    Int: 22    God:    Ashenzari [****..] SH:  0 Dex: 18

rFire   + + .      SeeInvis +    y - +6 dagger "Henotheism of Ashenzari" {vamp, Dex+4, Self, Melee} (curse)
rCold   . . .      Faith    .    (no shield)
rNeg    . . .      Spirit   .    a - +0 robe "Chained Sybil" {Cun, Range} (curse)
rPois   ∞          Reflect  .    p - +2 hat "Thunder Perfect Mind" {Rampage rC+ Will+, Self, Melee} (curse)
rElec   .          Harm     .    j - scarf "Revealing Affliction" {+Inv, Evo, Fort} (curse)
rCorr   .          Rampage  +    w - +1 pair of gloves of the Visionary Moon {rPois Str+2 SInv, Melee, Range} (curse)
Will    ++...      Clarity  +    (boots unavailable)
Stlth   +++.......               (no amulet)
HPRegen 0.30/turn                q - ring "Adversity of Ashenzari" {Str+6, Range, Melee} (curse)
MPRegen 0.00/turn                (no ring)

@: flying
A: sickness immunity, fire resistance 2, cold vulnerability 1, float, innate
caster, HP casting, extra vitality 1
a: Renounce Religion, Evoke Invisibility, Curse Item, Shatter the Chains


You were on level 5 of the Lair of Beasts.
You worshipped Ashenzari.
Ashenzari was greatly pleased with you.
You visited 3 branches of the dungeon, and saw 14 of its levels.
You also visited: Gauntlet.

You collected 864 gold pieces.

Inventory:

Hand Weapons
 y - the cursed +6 dagger "Henotheism of Ashenzari" (weapon) {vamp, Dex+4, Self, Melee}
   (You took it off an orc on level 6 of the Dungeon)

   It occasionally heals its wielder for a portion of the damage dealt when it
   wounds a living foe.
   Dex:       It affects your dexterity (+4).
   It has a curse which improves the following skills: Introspection: Fighting
   and Spellcasting.
   Melee Combat: Short Blades, Long Blades, Axes, Maces & Flails, Polearms,
   Staves and Unarmed Combat.
Missiles
 l - 26 poisoned darts
 K - 2 curare-tipped darts
Armour
 a - the cursed +0 robe "Chained Sybil" (worn) {Cun, Range}

   It has a curse which improves the following skills: Cunning: Dodging and
   Stealth.
   Ranged Combat: Ranged Weapons and Throwing.
 j - the cursed scarf "Revealing Affliction" (worn) {+Inv, Evo, Fort}
   (You found it on level 8 of the Dungeon)

   It has a curse which improves the following skills: Evocations: Evocations.
   Fortitude: Armour and Shields.
 p - the cursed +2 hat "Thunder Perfect Mind" (worn) {Rampage rC+ Will+, Self, Melee}
   (You acquired it on level 7 of the Dungeon)

   rC:        It protects you from cold.
   Rampage:   It bestows one free step when moving towards enemies.
   Will:      It increases your willpower.
   It has a curse which improves the following skills: Introspection: Fighting
   and Spellcasting.
   Melee Combat: Short Blades, Long Blades, Axes, Maces & Flails, Polearms,
   Staves and Unarmed Combat.
 w - the cursed +1 pair of gloves of the Visionary Moon (worn) {rPois Str+2 SInv, Melee, Range}
   (You found it on level 8 of the Dungeon)

   Str:       It affects your strength (+2).
   rPois:     It protects you from poison.
   SInv:      It lets you see invisible.
   It has a curse which improves the following skills: Melee Combat: Short
   Blades, Long Blades, Axes, Maces & Flails, Polearms, Staves and Unarmed
   Combat.
   Ranged Combat: Ranged Weapons and Throwing.
 G - a +0 buckler
 H - the +0 leather armour of the Pure Hurtling Beds {rElec rPois}
   (You found it on level 3 of the Lair of Beasts)

   rElec:     It insulates you from electricity.
   rPois:     It protects you from poison.
 J - a +0 cloak of stealth
Magical Staves
 x - a staff of earth
Jewellery
 q - the cursed ring "Adversity of Ashenzari" (left hand) {Str+6, Range, Melee}
   (You found it on level 2 of the Lair of Beasts)

   [ring of strength]

   Str:       It affects your strength (+6).
   It has a curse which improves the following skills: Ranged Combat: Ranged
   Weapons and Throwing.
   Melee Combat: Short Blades, Long Blades, Axes, Maces & Flails, Polearms,
   Staves and Unarmed Combat.
 t - a ring of ice
 I - a ring of wizardry
Wands
 b - a wand of paralysis (14)
 o - a wand of polymorph (12)
 C - a wand of flame (28)
 E - a wand of mindburst (11)
Scrolls
 c - 3 scrolls of vulnerability
 d - 3 scrolls of magic mapping
 e - 5 scrolls of enchant weapon
 f - a scroll of poison
 h - 2 scrolls of fog
 i - 3 scrolls of noise
 k - 2 scrolls of enchant armour
 m - a scroll of blinking
 s - 5 scrolls of immolation
 F - a scroll of teleportation
Potions
 g - 5 potions of ambrosia
 n - 4 potions of resistance
 r - 4 potions of brilliance
 u - 4 potions of mutation
 v - 2 potions of degeneration
 z - 2 potions of curing
 A - a potion of attraction
 D - a potion of haste
Miscellaneous
 B - a phial of floods


   Skills:
 - Level 15.3(18.2) Fighting
 - Level 2.7(6.4) Short Blades
 - Level 8.3(10.3) Dodging
 - Level 3.0(4.6) Stealth
 - Level 3.4(5.1) Shields
 + Level 14.1(17.0) Spellcasting
 - Level 5.0(6.9) Evocations


You had 14 spell levels left.
You knew the following spells:

 Your Spells              Type           Power      Damage    Failure   Level
a - Foxfire               Conj/Fire      100%       2x1d9     0%          1
b - Scorch                Fire           100%       2d10      0%          2
c - Kindle Blastsparks    Fire/Tloc/Air  100%       2d18      0%          3
d - Inner Flame           Hex/Fire       76%        N/A       0%          3
e - Flame Wave            Conj/Fire      76%        2d17      1%          4
f - Sandblast             Erth           100%       2d20      0%          1
g - Blink                 Tloc           100%       N/A       0%          2
h - Swiftness             Air            76%        N/A       0%          3
i - Leda's Liquefaction   Hex/Erth       38%        N/A       1%          4
j - Metabolic Englaciati  Hex/Ice        38%        N/A       1%          5
k - Borgnjor's Vile Clut  Necr/Erth      38%        N/A       1%          5
Your spell library was empty.

Dungeon Overview and Level Annotations

Branches:
Dungeon (8/15)             Temple (1/1) D:5            Lair (5/5) D:8
  Swamp (0/4) Lair:3       Spider (0/4) Lair:3        Slime (0/5) Lair:5
Gauntlet (visited)

Altars:
Ashenzari
Cheibriados
Dithmenos
Elyvilon
Gozag
Hepliaklqana
Makhleb
Nemelex Xobeh
Okawaru
Qazlal
Ru
Trog
Uskayaw
Wu Jian
Yredelemnul
Zin
The Shining One
Jiyva

Shops:
D:6 *

Annotations:
D:3 exclusion: downstairs


Innate Abilities, Weirdness & Mutations

You are immune to sickness and miasma.
You are immune to poison.
Your flesh is very heat resistant. (rF++)
You are vulnerable to cold. (rC-)
You float through the air rather than walking.
You learn spells naturally, not from books.
Your magical power is your life essence.
You have superior vitality. (+4 MHP)


Message History

Confirm with . or Enter, or press ? or * to list all spells.
Aiming: Borgnjor's Vile Clutch (safe; 1% risk of failure)
Press: ? - help, Shift-Dir - straight line, f - boggart, p - polar bear
Aim: a boggart (100% to hit)
Zombie hands grab the boggart.
* * * LOW HITPOINT WARNING * * *
The zombie hands constrict the polar bear!
The zombie hands constrict the boggart!
You hear an angry growl.
The boggart gestures wildly while chanting.
The polar bear struggles to escape constriction.
You hear a trumpeting!
You hear a shout!
You hear a trumpeting!
You hear a shout! x2
The zombie hands constrict the polar bear!
The zombie hands constrict the boggart!
You kill the boggart!
The yak dissolves into shadows! x3
The polar bear struggles to escape constriction.
The zombie hands constrict the polar bear!!
You kill the polar bear!
The hornet buzzes angrily.
Casting: Borgnjor's Vile Clutch (safe; 1% risk of failure)
Confirm with . or Enter, or press ? or * to list all spells.
Aiming: Borgnjor's Vile Clutch (safe; 1% risk of failure)
Press: ? - help, Shift-Dir - straight line, f - hornet
Aim: a hornet (heavily wounded, 100% to hit)
Zombie hands grab the hornet.
* * * LOW HITPOINT WARNING * * *
The zombie hands constrict the hornet.
The hornet struggles to escape constriction. x2
The zombie hands lose their grip on something.
Casting: Borgnjor's Vile Clutch (safe; 1% risk of failure)
Confirm with . or Enter, or press ? or * to list all spells.
Aiming: Borgnjor's Vile Clutch (safe; 1% risk of failure)
Press: ? - help, Shift-Dir - straight line, f/p - hornet
Aim: a hornet (severely wounded, 100% to hit)
Zombie hands grab the hornet.
* * * LOW HITPOINT WARNING * * *
The zombie hands constrict the hornet!
The hornet stings you.
You die...

* * *.. * *
,, , ♣.. , *
..,** ♣..♣♣
♣.. ♣.... *
*♣..* ♣.... *
.. * ♣♣#
♣....♣♣ ♣♣.♣*
♣.#####
♣.....♣♣♣♣..♣
♣♣♣....#.
♣.....@.♣.h.♣
♣......P.
♣.....y♣♣..♣
♣♣.......
*♣.♣♣...♣..♣♣
♣......l.
,{*♣......♣
♣♣♣.......
*,* ♣..♣..♣♣
♣.......). ,
♣♣♣♣..♣
♣.......## {
♣..♣
♣........# *{
♣..♣
♣.♣....#.# *
,* ♣♣..*
♣.♣...h####


You could see a hornet (clutched).

Vanquished Creatures
  4 hydras
  Erica (D:8)
  10 death yaks
  Sonja (Lair:5)
  A lindwurm (Lair:4)
  A wolf spider (Lair:3)
  Pikel (D:4)
  3 elephants (Lair:4)
  The ghost of Darkkill the Ruffian, a novice TrSu of Nemelex Xobeh (D:5)
  12 cane toads
  3 black mambas
  The ghost of Daxter95 the Stinger, a novice DrVM of Vehumet (D:5)
  Psyche (D:8)
  3 rime drakes
  5 komodo dragons
  A troll (D:8)
  2 tyrant leeches (Lair:3)
  2 hornets (Lair:5)
  4 polar bears
  Prince Ribbit (Lair:2)
  A dream sheep (Lair:5)
  27 blink frogs
  A culicivora (Lair:3)
  A jumping spider (Lair:3)
  2 wyverns
  15 yaks
  2 spriggans (Lair:5)
  3 basilisks
  The ghost of freelancePsychic the Magician, an amateur DjTm of Hepliaklqana (D:5)
  Edmund (D:6)
  Menkaure (D:7)
  2 swamp worms (Lair:3)
  Duvessa (D:4)
  10 water moccasins
  An orc warrior (D:8)
  2 black bears
  7 ice beasts
  3 ogres (D:4)
  3 boggarts (Lair:5)
  4 centaurs
  20 wolves
  3 lemures (D:4)
  2 kobold brigands (D:8)
  3 necrophages
  A gnoll sergeant (D:8)
  19 bullfrogs
  A scorpion (D:5)
  14 wights
  Dowan (D:4)
  12 electric eels
  Crazy Yiuf (D:4)
  2 orc priests
  6 hounds
  A jelly (D:5)
  A gnoll bouda (D:4)
  Ijyb (D:3)
  5 iguanas
  7 orc wizards
  6 hell rats (Lair:5)
  17 gnolls
  11 adders
  A shadow imp (D:7)
  3 white imps
  5 ufetubi (D:6)
  2 dart slugs
  16 orcs
  An endoplasm (D:1)
  2 giant cockroaches
  10 goblins
  8 hobgoblins
  9 jackals
  13 kobolds
  A quokka (D:4)
  12 ball pythons
  2 bats
  3 rats (D:1)
368 creatures vanquished.

Vanquished Creatures (collateral kills)
  7 foxfires
7 creatures vanquished.

Vanquished Creatures (others)
  11 demonic plants (Gauntlet)
  575 foxfires
  49 fungi
  93 plants
  3 withered plants (D:5)
731 creatures vanquished.

Grand Total: 1106 creatures vanquished

Notes
Turn   | Place    | Note
-------+----------+-------------------------------------------
     0 | D:1      | themarg the Djinni Fire Elementalist began the quest for
                  | the Orb.
     0 | D:1      | themarg set off with the following spells memorised:
                  | Foxfire, Scorch, Kindle Blastsparks, Inner Flame, Flame
                  | Wave.
     0 | D:1      | Reached XP level 1. HP: 15/15 MP: 0/0
   333 | D:1      | Reached XP level 2. HP: 17/21 MP: 0/0
   989 | D:2      | Reached XP level 3. HP: 20/25 MP: 0/0
   989 | D:2      | Learned a level 1 spell: Sandblast
  1065 | D:2      | Found a basalt altar of Yredelemnul.
  1881 | D:3      | Found a stormy altar of Qazlal.
  1901 | D:3      | Found a faded altar of an unknown god.
  1941 | D:3      | Reached XP level 4. HP: 28/31 MP: 0/0
  2273 | D:3      | Noticed Ijyb
  2361 | D:3      | Found an ornate altar of the Wu Jian Council.
  2410 | D:3      | Killed Ijyb
  2674 | D:3      | Reached XP level 5. HP: 21/35 MP: 0/0
  2674 | D:3      | Learned a level 2 spell: Blink
  3323 | D:4      | Reached XP level 6. HP: 26/40 MP: 0/0
  3635 | D:4      | Noticed an ogre
  3644 | D:4      | Killed an ogre
  3711 | D:4      | Noticed Duvessa
  3712 | D:4      | Noticed Dowan
  3783 | D:4      | You are sucked into a shaft and drop 3 floors!
  3912 | D:7      | Noticed a black bear
  3917 | D:7      | Killed a black bear
  3918 | D:7      | Reached skill level 5 in Spellcasting
  3918 | D:7      | Reached XP level 7. HP: 34/46 MP: 0/0
  3918 | D:7      | Learned a level 3 spell: Swiftness
  3955 | D:7      | Reached skill level 1 in Fighting
  3957 | D:7      | Found a sparkling altar of Nemelex Xobeh.
  4243 | D:7      | Noticed Menkaure
  4247 | D:7      | Killed Menkaure
  4248 | D:7      | Reached skill level 2 in Fighting
  4348 | D:7      | Reached XP level 8. HP: 44/55 MP: 0/0
  4374 | D:6      | Reached skill level 3 in Fighting
  4816 | D:5      | Entered Level 5 of the Dungeon
  5202 | D:5      | Reached skill level 5 in Dodging
  5202 | D:5      | Reached XP level 9. HP: 45/62 MP: 0/0
  5202 | D:5      | Learned a level 4 spell: Leda's Liquefaction
  5297 | D:5      | Reached skill level 4 in Fighting
  5664 | D:5      | Found a staircase to the Ecumenical Temple.
  5673 | Temple   | Entered the Ecumenical Temple
  5794 | Temple   | Became a worshipper of Ashenzari the Shackled
  5970 | D:5      | Found a runed translucent gate.
  5970 | D:5      | Found a runed translucent gate.
  5970 | D:5      | Found a runed translucent gate.
  5974 | D:5      | Noticed Darkkill's ghost (novice TrSu)
  5974 | D:5      | Noticed freelancePsychic's ghost (amateur DjTm)
  5995 | D:5      | Noticed Daxter95's ghost (novice DrVM)
  6239 | D:6      | Noticed Edmund
  6240 | D:6      | Found a basalt altar of Yredelemnul.
  6240 | D:6      | Identified the +6 dagger "Dragonslayer" {vamp, Dex+4}
  6326 | D:6      | Killed Edmund
  6922 | D:6      | Found Wyenyete's General Store.
  7145 | D:7      | Identified 2 scrolls of acquirement
  7146 | D:7      | Acquired a manual of Fighting
  7147 | D:7      | Acquired the +2 hat "Pout" {Rampage rC+ Will+}
  7855 | D:7      | Reached * piety under Ashenzari
  8784 | D:8      | Identified the +1 pair of gloves "Opot" {rPois Str+2 SInv}
  8953 | D:8      | Reached skill level 5 in Fighting
  8953 | D:8      | Reached XP level 10. HP: 45/73 MP: 0/0
  9038 | D:8      | Reached skill level 6 in Fighting
  9045 | D:8      | Noticed Erica
  9347 | D:8      | Noticed Psyche
  9369 | D:8      | Killed Psyche
  9370 | D:8      | Reached skill level 7 in Fighting
  9528 | D:8      | Reached skill level 8 in Fighting
 10197 | D:8      | Killed Erica
 10198 | D:8      | Reached skill level 9 in Fighting
 10455 | D:8      | Reached skill level 10 in Spellcasting
 10690 | D:8      | Reached ** piety under Ashenzari
 10950 | D:8      | Reached XP level 11. HP: 64/87 MP: 0/0
 10950 | D:8      | Learned a level 5 spell: Metabolic Englaciation
 11191 | D:8      | Found a staircase to the Lair.
 11312 | Lair:1   | Entered Level 1 of the Lair of Beasts
 11544 | Lair:1   | Reached skill level 1 in Evocations
 11751 | Lair:1   | Reached *** piety under Ashenzari
 12763 | Lair:2   | Noticed Prince Ribbit
 13130 | Lair:2   | Killed Prince Ribbit
 13604 | Lair:2   | Reached XP level 12. HP: 71/96 MP: 0/0
 13930 | Lair:2   | Noticed a death yak
 13930 | Lair:2   | Noticed a death yak
 14083 | Lair:2   | Reached skill level 5 in Evocations
 14209 | Lair:2   | Noticed a death yak
 14258 | Lair:2   | Killed a death yak
 14614 | Lair:2   | Killed a death yak
 14615 | Lair:2   | Reached skill level 1 in Short Blades
 14632 | Lair:2   | Killed a death yak
 14633 | Lair:2   | Reached skill level 10 in Fighting
 15870 | Lair:3   | Reached skill level 11 in Fighting
 16244 | Lair:3   | Reached skill level 12 in Fighting
 16411 | Lair:3   | Found a staircase to the Swamp.
 16422 | Lair:3   | Identified the +0 leather armour of the Pure Hurtling Beds
                  | {rElec rPois}
 17293 | Lair:3   | Found a hole to the Spider Nest.
 17551 | Lair:4   | Reached skill level 13 in Fighting
 17561 | Lair:4   | Reached XP level 13. HP: 58/109 MP: 0/0
 17561 | Lair:4   | Learned a level 5 spell: Borgnjor's Vile Clutch
 17567 | Lair:4   | Found a gate leading to a gauntlet.
 17576 | Gauntlet | Entered a Gauntlet
 17576 | Gauntlet | Found a transporter.
 17576 | Gauntlet | Found a transporter.
 17576 | Gauntlet | Found a transporter.
 17775 | Gauntlet | Identified Gamut's Grimoire of Noxious Transmogrification
 17786 | Gauntlet | Found a transporter.
 17796 | Gauntlet | Found a transporter.
 17796 | Gauntlet | Identified the +3 hat "Utaboid" {rElec rF+ rC+ SInv}
 17800 | Gauntlet | Found a transporter.
 17810 | Gauntlet | Found a transporter.
 17837 | Gauntlet | Found a transporter.
 17837 | Gauntlet | Found a transporter.
 17840 | Gauntlet | Found a transporter.
 17845 | Gauntlet | Identified the ring "Numyegh" {rPois rF+}
 17854 | Gauntlet | Found a transporter.
 17858 | Gauntlet | Found a transporter.
 17912 | Gauntlet | Upgraded the game from 0.30-a0-149-g7f746667c4 to
                  | 0.30-a0-165-g1891117ce2
 18035 | Lair:4   | Noticed an eight-headed hydra
 18040 | Lair:4   | Killed an eight-headed hydra
 18041 | Lair:4   | Reached skill level 14 in Fighting
 18047 | Lair:4   | Noticed a six-headed hydra
 18070 | Lair:4   | Killed a six-headed hydra
 18070 | Lair:4   | HP: 1/112 [spore (13)]
 18071 | Lair:4   | Reached skill level 15 in Fighting
 18771 | Lair:4   | Reached **** piety under Ashenzari
 19398 | Lair:5   | Entered Level 5 of the Lair of Beasts
 19805 | D:4      | Killed Dowan
 19811 | D:4      | Killed Duvessa
 20048 | D:4      | Found a runed translucent door.
 20049 | D:4      | Noticed Crazy Yiuf
 20098 | D:4      | Reached skill level 1 in Shields
 20202 | D:4      | Killed Crazy Yiuf
 20315 | D:4      | Noticed Pikel
 20320 | D:4      | Killed Pikel
 20396 | D:4      | Found an iron altar of Okawaru.
 20508 | D:5      | Killed Darkkill's ghost
 20508 | D:5      | Killed Daxter95's ghost
 20510 | D:5      | Killed freelancePsychic's ghost
 20888 | Lair:5   | Noticed a seven-headed hydra
 21398 | Lair:5   | Killed a seven-headed hydra
 22174 | Lair:5   | Reached XP level 14. HP: 76/121 MP: 0/0
 22604 | Lair:5   | Noticed Sonja
 22609 | Lair:5   | Killed Sonja
 22611 | Lair:5   | Found a viscous altar of Jiyva.
 22639 | Lair:5   | Found a staircase to the Slime Pits.
 23344 | Lair:5   | Slain by a hornet

Illustrated notes

Levels and vault maps discovered:
D:1:      minmay_arrival_shattered_statue, layout_rooms
D:2:      layout_basic, basic_altar
D:3:      kennysheep_the_goblin_king, layout_rooms,
          mainiacjoe_overflow_surrounded_room, nicolae_qazlal_scattered_showers,
          ebering_ecumenical_altar_mist
D:4:      layout_rooms, general_overflow_altar, lemuel_doored_altar, uniq_pikel,
          uniq_crazy_yiuf_cottage, uniq_duvessa
D:5:      layout_rooms, minmay_temple_entry_large_hall,
          gammafunk_ghost_cemetery, st_stairs_10
D:6:      layout_loops_ring, amcnicky_altar_gilded, serial_shops,
          kennysheep_mini_moat, uniq_edmund
D:7:      layout_rooms, nemelex_spade_bored_becter, serial_bayou,
          serial_bayou_lagoon_b, serial_bayou_shore_a, serial_bayou_ford_a,
          serial_bayou_pond_a, serial_bayou_lagoon_a, uniq_menkaure
D:8:      layout_rooms, mainiacjoe_overflow_catwalk_spiral, erik_lair_island,
          uniq_erica, uniq_psyche
Temple:   nicolae_temple_godzebo
Lair:1:   layout_cellular_growth, grunt_megastairs_5, infiniplex_staircase_pool
Lair:2:   layout_loops_ring, minivault_27, grunt_megastairs_4,
          uniq_prince_ribbit2
Lair:3:   layout_regular_city, minmay_swamp_entry_worms,
          spider_nest_entry_funnel_web, grunt_megastairs_2,
          infiniplex_staircase_pool_2
Lair:4:   layout_gridlike, gauntlet_entry_generic, serial_bayou_shore_b
Lair:5:   minmay_lair_end_enchanted_forest, layout_layer_cave, slime_entry_1,
          uniq_sonja

Skill      XL: |  1  2  3  4  5  6  7  8  9 10 11 12 13 14 |
---------------+-------------------------------------------+-----
Stealth        | 2 3 |  3.0
Spellcasting   | 3 4 5 6 8 10 11 13 14 | 14.1
Fighting       | 2 3 5 9 13 15 | 15.3
Dodging        | 3 5 6 7 8 |  8.3
Evocations     | 4 5 |  5.0
Short Blades   | 2 |  2.7
Shields        | 3 |  3.4

Action                   |  1- 3 |  4- 6 |  7- 9 | 10-12 | 13-15 || total
-------------------------+-------+-------+-------+-------+-------++-------
Melee: Dagger            |       |       |     1 |    16 |     7 ||    24
 Cast: Foxfire           |    39 |    31 |   113 |    86 |    82 ||   351
       Scorch            |     9 |    35 |    52 |   138 |    93 ||   327
       Kindle Blastspark |       |     3 |     9 |    30 |       ||    42
       Inner Flame       |       |     5 |    27 |    22 |     8 ||    62
       Flame Wave        |       |       |     5 |    33 |    21 ||    59
       Swiftness         |       |       |     1 |     3 |     2 ||     6
       Leda's Liquefacti |       |       |       |     1 |     3 ||     4
       Metabolic Englaci |       |       |       |    13 |     9 ||    22
       Blink             |       |       |       |     9 |     5 ||    14
       Borgnjor's Vile C |       |       |       |       |    44 ||    44
       Sandblast         |       |       |       |       |     3 ||     3
Invok: Curse Item        |       |       |     2 |     3 |     2 ||     7
       Shatter the Chain |       |       |       |     1 |       ||     1
Evoke: Wand              |       |       |       |       |     3 ||     3
  Use: Scroll            |       |     8 |     7 |     4 |     4 ||    23
       Potion            |       |       |     2 |     2 |     1 ||     5
Armor: Skin              |       |     2 |       |       |       ||     2
       Robe              |       |       |     2 |     9 |     9 ||    20
Dodge: Dodged            |     2 |     4 |    32 |    82 |    74 ||   194

Table legend: (Time is in decaauts)
 A = Elapsed time spent in this place.
 B = Non-inter-level travel time spent in this place.
 C = Inter-level travel time spent in this place.
 D = Time resting spent in this place.
 E = Time spent auto-exploring this place.
 F = Levels seen in this place.
 G = Mean time per level.
                   A        B        C        D        E       F      G
               +--------+--------+--------+--------+--------+-----+--------+
         Total |  23368 |  22221 |   1147 |  11556 |   5691 |  15 | 1557.9 |
       Dungeon |  12266 |  11660 |    606 |   6237 |   3074 |   8 | 1533.2 |
        Temple |    146 |    122 |     24 |      0 |     96 |   1 |  146.0 |
          Lair |  10507 |   9990 |    517 |   5131 |   2521 |   5 | 2101.4 |
      Gauntlet |    448 |    448 |      0 |    188 |      0 |   1 |  448.0 |
               +--------+--------+--------+--------+--------+-----+--------+

Top non-repeatable levels by time:
  Lair:2: 3008 daAuts
     D:7: 2301 daAuts
     D:8: 2259 daAuts
  Lair:3: 2006 daAuts
     D:6: 1889 daAuts
  Lair:4: 1867 daAuts
  Lair:5: 1862 daAuts
  Lair:1: 1762 daAuts
     D:4: 1560 daAuts
     D:3: 1412 daAuts
     D:2: 993 daAuts
     D:5: 982 daAuts
     D:1: 866 daAuts
Gauntlet: 448 daAuts
  Temple: 146 daAuts
